[ PARTIDA AOE2 · #507912492 ]
UnrankedVikingos vs Vietnamese
Equipo del jugador · VICT
[ ANÁLISIS DE REPETICIÓN · EXTRAÍDO DE LA PARTIDA GRABADA ]
Feudal
8:57
Castillos
22:37
Imperial
35:14
| APM promedio | 68.1 |
| APM pico | 106 |
| eAPM promedio | 26.9 |
| Aldeanos / militares | 83 / 52 |
Foco
⚔️ 45.0% · 🌾 55.0%
Archer ×41 · Militia ×5 · Mangonel ×4 · Monk ×1 · Skirmisher ×1
Feudal
8:59
Castillos
21:49
Imperial
—
| APM promedio | 71.5 |
| APM pico | 142 |
| eAPM promedio | 23.2 |
| Aldeanos / militares | 85 / 57 |
Foco
⚔️ 29.4% · 🌾 70.6%
Skirmisher ×24 · Rattan Archer ×24 · Archer ×4 · Mangonel ×4 · Monk ×1
Mapa de la partida
Recursos iniciales + cada clic de construcción. Líneas = muros · curvas = relieve. ◆ oro · ⬟ piedra · ● bayas · ✦ reliquia · ◌ hueco del cierre
Tu base· Abierta — flanco sin cerrar
Base de Tkilla | Kat_O· Abierta — hueco de 5t
Terreno inicial suavizado · ◌ = hueco del cierre detectado · pasá el cursor para detalles
Inputs por minuto
— ferminsin - - Tkilla | Kat_O
Build order — ferminsin
Primeras 150 de 241 acciones detectadas
| 0:01 | Encolar | Villager (Male) |
| 0:01 | Encolar | Villager (Male) |
| 0:01 | Encolar | Villager (Male) |
| 0:02 | Construir | House |
| 0:03 | Construir | House |
| 0:07 | Encolar | Villager (Male) |
| 1:30 | Encolar | Villager (Male) |
| 1:31 | Encolar | Villager (Male) |
| 1:50 | Construir | Lumber Camp |
| 1:58 | Encolar | Villager (Male) |
| 1:58 | Encolar | Villager (Male) |
| 2:20 | Encolar | Villager (Male) |
| 2:59 | Encolar | Villager (Male) |
| 3:00 | Encolar | Villager (Male) |
| 3:01 | Construir | House |
| 3:15 | Construir | Palisade Wall |
| 3:44 | Encolar | Villager (Male) |
| 3:45 | Encolar | Villager (Male) |
| 3:45 | Encolar | Villager (Male) |
| 4:42 | Encolar | Villager (Male) |
| 4:42 | Encolar | Villager (Male) |
| 4:42 | Encolar | Villager (Male) |
| 4:43 | Encolar | Villager (Male) |
| 5:30 | Construir | Barracks |
| 5:45 | Encolar | Villager (Male) |
| 5:46 | Investigar | Loom |
| 5:55 | Construir | House |
| 6:45 | Investigar | Feudal Age |
| 6:45 | Investigar | Feudal Age |
| 6:56 | Encolar | Militia |
| 6:56 | Encolar | Militia |
| 7:25 | Encolar | Militia |
| 7:25 | Encolar | Militia |
| 7:28 | Construir | Mining Camp |
| 7:44 | Encolar | Militia |
| 7:56 | Construir | House |
| 7:57 | Construir | Palisade Wall |
| 8:53 | Construir | Palisade Wall |
| 8:57 | Edad | Edad Feudal |
| 8:59 | Investigar | Man-at-Arms (upgrade) |
| 9:01 | Encolar | Villager (Male) |
| 9:20 | Construir | Archery Range |
| 9:54 | Encolar | Villager (Male) |
| 9:54 | Encolar | Villager (Male) |
| 10:17 | Construir | House |
| 10:48 | Construir | Mill |
| 11:03 | Construir | House |
| 11:13 | Encolar | Archer |
| 11:14 | Encolar | Archer |
| 11:17 | Construir | Farm |
| 11:35 | Construir | Blacksmith |
| 12:05 | Encolar | Villager (Male) |
| 12:07 | Construir | Farm |
| 12:10 | Construir | Farm |
| 12:19 | Encolar | Skirmisher |
| 12:23 | Construir | Farm |
| 12:45 | Construir | Farm |
| 12:48 | Construir | Palisade Wall |
| 12:58 | Encolar | Archer |
| 13:09 | Investigar | Fletching |
| 13:09 | Investigar | Fletching |
| 13:24 | Encolar | Villager (Male) |
| 13:26 | Construir | Farm |
| 13:41 | Encolar | Archer |
| 13:43 | Encolar | Archer |
| 13:45 | Encolar | Villager (Male) |
| 13:58 | Encolar | Villager (Male) |
| 14:12 | Construir | Palisade Gate |
| 14:13 | Construir | Palisade Wall |
| 14:20 | Encolar | Archer |
| 14:27 | Construir | House |
| 14:29 | Construir | House |
| 14:31 | Construir | Palisade Wall |
| 14:31 | Construir | Palisade Wall |
| 14:46 | Encolar | Villager (Male) |
| 15:02 | Encolar | Villager (Male) |
| 15:04 | Construir | Farm |
| 15:29 | Encolar | Villager (Male) |
| 15:31 | Encolar | Archer |
| 15:41 | Encolar | Villager (Male) |
| 15:51 | Encolar | Archer |
| 16:11 | Encolar | Villager (Male) |
| 16:30 | Encolar | Villager (Male) |
| 16:32 | Construir | Farm |
| 17:13 | Encolar | Villager (Male) |
| 17:15 | Construir | Lumber Camp |
| 17:26 | Encolar | Villager (Male) |
| 17:30 | Construir | Palisade Wall |
| 17:34 | Encolar | Villager (Male) |
| 17:38 | Construir | House |
| 17:39 | Construir | Palisade Wall |
| 17:50 | Encolar | Villager (Male) |
| 17:55 | Encolar | Archer |
| 17:58 | Encolar | Villager (Male) |
| 18:25 | Construir | Market |
| 18:29 | Encolar | Villager (Male) |
| 18:35 | Construir | Farm |
| 18:37 | Construir | Farm |
| 18:42 | Encolar | Archer |
| 18:57 | Encolar | Villager (Male) |
| 19:03 | Construir | Farm |
| 19:05 | Construir | Farm |
| 19:22 | Encolar | Archer |
| 19:57 | Investigar | Castle Age |
| 20:22 | Investigar | Double-Bit Axe |
| 20:23 | Investigar | Double-Bit Axe |
| 20:33 | Encolar | Archer |
| 21:05 | Encolar | Villager (Male) |
| 21:07 | Construir | Archery Range |
| 21:09 | Encolar | Archer |
| 21:35 | Construir | Farm |
| 21:37 | Construir | Farm |
| 21:47 | Encolar | Archer |
| 21:59 | Encolar | Archer |
| 22:21 | Construir | House |
| 22:29 | Encolar | Archer |
| 22:37 | Edad | Edad de los Castillos |
| 22:41 | Construir | Siege Workshop |
| 22:43 | Investigar | Bodkin Arrow |
| 22:43 | Investigar | Bodkin Arrow |
| 22:44 | Investigar | Crossbowman (upgrade) |
| 22:44 | Investigar | Crossbowman (upgrade) |
| 22:51 | Encolar | Villager (Male) |
| 22:52 | Encolar | Archer |
| 22:54 | Encolar | Archer |
| 22:57 | Investigar | Town Watch |
| 22:57 | Investigar | Town Watch |
| 23:08 | Encolar | Villager (Male) |
| 23:11 | Construir | House |
| 23:27 | Encolar | Mangonel |
| 23:41 | Encolar | Villager (Male) |
| 23:42 | Encolar | Archer |
| 23:52 | Encolar | Archer |
| 23:58 | Encolar | Villager (Male) |
| 24:13 | Encolar | Archer |
| 24:15 | Encolar | Mangonel |
| 24:20 | Encolar | Archer |
| 24:37 | Encolar | Villager (Male) |
| 24:38 | Encolar | Archer |
| 25:30 | Encolar | Villager (Male) |
| 25:31 | Encolar | Archer |
| 25:32 | Encolar | Villager (Male) |
| 25:35 | Construir | Town Center |
| 25:59 | Encolar | Archer |
| 26:00 | Encolar | Archer |
| 26:00 | Encolar | Archer |
| 26:04 | Encolar | Villager (Male) |
| 26:07 | Encolar | Villager (Male) |
| 26:11 | Construir | Town Center |
| 26:14 | Encolar | Villager (Male) |
Build order — Tkilla | Kat_O
Primeras 150 de 244 acciones detectadas
| 0:01 | Encolar | Villager (Male) |
| 0:01 | Encolar | Villager (Male) |
| 0:02 | Construir | House |
| 0:06 | Construir | House |
| 0:08 | Construir | House |
| 0:13 | Encolar | Villager (Male) |
| 0:23 | Encolar | Villager (Male) |
| 0:23 | Encolar | Villager (Male) |
| 1:25 | Encolar | Villager (Male) |
| 1:26 | Encolar | Villager (Male) |
| 1:49 | Construir | Lumber Camp |
| 2:03 | Encolar | Villager (Male) |
| 2:20 | Encolar | Villager (Male) |
| 2:50 | Encolar | Villager (Male) |
| 2:50 | Encolar | Villager (Male) |
| 3:17 | Encolar | Villager (Male) |
| 3:17 | Encolar | Villager (Male) |
| 3:43 | Encolar | Villager (Male) |
| 3:43 | Encolar | Villager (Male) |
| 3:51 | Construir | House |
| 4:09 | Encolar | Villager (Male) |
| 4:38 | Encolar | Villager (Male) |
| 4:38 | Encolar | Villager (Male) |
| 5:03 | Encolar | Villager (Male) |
| 5:03 | Encolar | Villager (Male) |
| 5:18 | Encolar | Villager (Male) |
| 5:33 | Construir | Mining Camp |
| 6:02 | Investigar | Loom |
| 6:49 | Investigar | Feudal Age |
| 7:06 | Construir | Barracks |
| 8:32 | Construir | House |
| 8:33 | Construir | Palisade Wall |
| 8:33 | Construir | Palisade Wall |
| 8:34 | Construir | Palisade Wall |
| 8:34 | Construir | Palisade Wall |
| 8:45 | Encolar | Villager (Male) |
| 8:59 | Edad | Edad Feudal |
| 9:02 | Construir | Archery Range |
| 9:04 | Encolar | Villager (Male) |
| 9:12 | Construir | Palisade Wall |
| 9:13 | Construir | Palisade Wall |
| 9:21 | Encolar | Villager (Male) |
| 9:29 | Construir | Blacksmith |
| 9:47 | Encolar | Villager (Male) |
| 9:54 | Encolar | Villager (Male) |
| 9:55 | Encolar | Villager (Male) |
| 9:57 | Construir | Palisade Wall |
| 9:58 | Construir | Palisade Wall |
| 9:59 | Construir | House |
| 10:02 | Construir | Palisade Wall |
| 10:10 | Encolar | Archer |
| 10:11 | Encolar | Archer |
| 10:12 | Encolar | Villager (Male) |
| 10:19 | Construir | Palisade Wall |
| 10:21 | Construir | Palisade Wall |
| 10:22 | Construir | Palisade Wall |
| 10:27 | Encolar | Villager (Male) |
| 11:31 | Encolar | Archer |
| 11:33 | Construir | House |
| 11:57 | Construir | Palisade Wall |
| 11:58 | Construir | Palisade Wall |
| 12:01 | Construir | Palisade Wall |
| 12:06 | Encolar | Villager (Male) |
| 12:08 | Construir | Mill |
| 12:39 | Encolar | Villager (Male) |
| 12:53 | Construir | House |
| 13:21 | Encolar | Villager (Male) |
| 13:23 | Construir | Farm |
| 13:23 | Construir | Farm |
| 13:23 | Construir | Farm |
| 13:23 | Construir | Farm |
| 13:55 | Encolar | Archer |
| 13:59 | Construir | Farm |
| 13:59 | Construir | Farm |
| 13:59 | Construir | Farm |
| 14:02 | Construir | House |
| 14:07 | Construir | House |
| 14:21 | Construir | Farm |
| 14:22 | Encolar | Villager (Male) |
| 14:34 | Encolar | Villager (Male) |
| 14:46 | Encolar | Villager (Male) |
| 14:48 | Construir | Farm |
| 14:59 | Construir | Farm |
| 15:10 | Encolar | Villager (Male) |
| 15:14 | Construir | House |
| 15:17 | Encolar | Villager (Male) |
| 15:39 | Encolar | Villager (Male) |
| 15:43 | Encolar | Skirmisher |
| 15:47 | Construir | Farm |
| 15:49 | Construir | Farm |
| 15:53 | Construir | Farm |
| 16:26 | Encolar | Villager (Male) |
| 16:29 | Encolar | Villager (Male) |
| 16:33 | Construir | Farm |
| 16:33 | Construir | Farm |
| 16:33 | Construir | Farm |
| 16:33 | Construir | Farm |
| 17:03 | Encolar | Skirmisher |
| 17:17 | Encolar | Villager (Male) |
| 17:23 | Construir | Farm |
| 17:24 | Construir | Farm |
| 17:33 | Investigar | Padded Archer Armor |
| 17:34 | Encolar | Villager (Male) |
| 17:39 | Construir | Market |
| 18:22 | Encolar | Skirmisher |
| 18:28 | Encolar | Villager (Male) |
| 19:08 | Investigar | Castle Age |
| 19:09 | Investigar | Castle Age |
| 19:30 | Encolar | Skirmisher |
| 19:33 | Investigar | Fletching |
| 19:56 | Encolar | Skirmisher |
| 19:59 | Investigar | Double-Bit Axe |
| 19:59 | Investigar | Double-Bit Axe |
| 20:02 | Investigar | Horse Collar |
| 20:02 | Investigar | Horse Collar |
| 20:14 | Encolar | Skirmisher |
| 20:39 | Construir | House |
| 20:40 | Construir | House |
| 20:48 | Encolar | Villager (Male) |
| 21:06 | Encolar | Skirmisher |
| 21:18 | Construir | Archery Range |
| 21:49 | Edad | Edad de los Castillos |
| 21:49 | Investigar | Elite Skirmisher (upgrade) |
| 21:49 | Investigar | Elite Skirmisher (upgrade) |
| 21:51 | Investigar | Bodkin Arrow |
| 21:51 | Investigar | Bodkin Arrow |
| 21:52 | Encolar | Villager (Male) |
| 22:01 | Encolar | Skirmisher |
| 22:12 | Encolar | Villager (Male) |
| 22:17 | Construir | House |
| 22:50 | Construir | Town Center |
| 23:06 | Construir | Farm |
| 23:13 | Encolar | Villager (Male) |
| 23:20 | Construir | Lumber Camp |
| 23:42 | Encolar | Villager (Male) |
| 23:43 | Encolar | Villager (Male) |
| 23:44 | Encolar | Villager (Male) |
| 24:18 | Encolar | Villager (Male) |
| 24:25 | Construir | University |
| 24:43 | Investigar | Leather Archer Armor |
| 24:55 | Encolar | Villager (Male) |
| 24:56 | Encolar | Villager (Male) |
| 25:28 | Encolar | Villager (Male) |
| 25:29 | Encolar | Villager (Male) |
| 25:39 | Investigar | Ballistics |
| 25:56 | Encolar | Villager (Male) |
| 25:56 | Encolar | Villager (Male) |
| 25:57 | Encolar | Villager (Male) |
| 26:04 | Construir | Town Center |
| 26:06 | Encolar | Villager (Male) |
Cronología de la partida
| 3:15 | ferminsin · wall_segment Palisade Wall x1 |
| 5:30 | ferminsin · first_building Barracks |
| 7:06 | Tkilla | Kat_O · first_building Barracks |
| 7:57 | ferminsin · wall_segment Palisade Wall x3 |
| 8:33 | Tkilla | Kat_O · wall_segment Palisade Wall x1 |
| 8:33 | Tkilla | Kat_O · wall_segment Palisade Wall x1 |
| 8:34 | Tkilla | Kat_O · wall_segment Palisade Wall x1 |
| 8:34 | Tkilla | Kat_O · wall_segment Palisade Wall x1 |
| 8:53 | ferminsin · wall_segment Palisade Wall x5 |
| 8:57 | ferminsin · age_up feudal |
| 8:59 | Tkilla | Kat_O · age_up feudal |
| 9:02 | Tkilla | Kat_O · first_building Archery Range |
| 9:12 | Tkilla | Kat_O · wall_segment Palisade Wall x1 |
| 9:13 | Tkilla | Kat_O · wall_segment Palisade Wall x1 |
| 9:20 | ferminsin · first_building Archery Range |
| 9:57 | Tkilla | Kat_O · wall_segment Palisade Wall x1 |
| 9:58 | Tkilla | Kat_O · wall_segment Palisade Wall x1 |
| 10:02 | Tkilla | Kat_O · wall_segment Palisade Wall x1 |
| 10:19 | Tkilla | Kat_O · wall_segment Palisade Wall x1 |
| 10:21 | Tkilla | Kat_O · wall_segment Palisade Wall x1 |
| 10:22 | Tkilla | Kat_O · wall_segment Palisade Wall x1 |
| 11:57 | Tkilla | Kat_O · wall_segment Palisade Wall x1 |
| 11:58 | Tkilla | Kat_O · wall_segment Palisade Wall x1 |
| 12:01 | Tkilla | Kat_O · wall_segment Palisade Wall x1 |
| 12:48 | ferminsin · wall_segment Palisade Wall x6 |
| 14:13 | ferminsin · wall_segment Palisade Wall x4 |
| 14:31 | ferminsin · wall_segment Palisade Wall x5 |
| 14:31 | ferminsin · wall_segment Palisade Wall x9 |
| 17:30 | ferminsin · wall_segment Palisade Wall x1 |
| 17:39 | ferminsin · wall_segment Palisade Wall x4 |
| 18:33 | Tkilla | Kat_O · first_market_buy 100 food |
| 18:58 | Tkilla | Kat_O · first_market_sell 100 wood |
| 19:41 | ferminsin · first_market_sell 100 wood |
| 19:42 | ferminsin · first_market_buy 100 food |
| 21:49 | Tkilla | Kat_O · age_up castle |
| 22:37 | ferminsin · age_up castle |
| 22:41 | ferminsin · first_building Siege Workshop |
| 26:39 | Tkilla | Kat_O · first_building Siege Workshop |
| 27:25 | Tkilla | Kat_O · first_building Castle |
| 30:23 | ferminsin · first_building Monastery |
| 30:42 | Tkilla | Kat_O · first_building Monastery |
| 35:14 | ferminsin · age_up imperial |
| 35:26 | Tkilla | Kat_O · resign |
[ ANÁLISIS IA · 1 CRÉDITO ]
¿Qué pasó realmente en esta partida?
Wolo.gg analiza cada decisión: build order, eco, micro, errores típicos por bracket. Análisis personalizado por WhatsApp o Discord en 30 segundos.
Guía civ
Vikingos
Perfil
ferminsin